 Dungeon Sprint DCSS version 0.26-a0-846-gcc8f1ee719 (webtiles) character file.

Game seed: 607232105413523763

560 rocky1 the Frost Mage (level 7, -4/46 HPs)
             Began as a Demonspawn Ice Elementalist on Nov 20, 2020.
             Was a Priest of Sif Muna.
             Killed from afar by a deep elf mage (35 damage)
             ... with a bolt of cold
             ... in the Dungeon (Sprint VII: "The Pits").
             The game lasted 00:03:12 (580 turns).

rocky1 the Frost Mage (Demonspawn Ice Elementalist)  Turns: 580, Time: 00:03:13

Health: -4/46      AC:  4    Str:  8    XL:     7   Next: 9%
Magic:  1/15       EV: 12    Int: 19    God:    Sif Muna [***...]
Gold:   0          SH:  0    Dex: 13    Spells: 9/16 levels left

rFire    . . .     SeeInvis .   m - +1 long sword (flame)
rCold    . . .     Faith    .   (no shield)
rNeg     . . .     Spirit   .   a - +0 robe
rPois    .         Reflect  .   (no helmet)
rElec    .         Harm     .   (no cloak)
rCorr    .         Rampage  .   (no gloves)
MR       .....     NoTele   +   (no boots)
Stlth    ++........             (no amulet)
HPRegen  2.15/turn              (no ring)
MPRegen  0.14/turn              (no ring)

@: frozen ramparts
A: hooves 2, iridescent scales 1, powered by death 1
a: Channel Magic, Forget Spell, Renounce Religion


You were in the Dungeon.
You worshipped Sif Muna.
Sif Muna was most pleased with you.
You visited 1 branch

Inventory:

Hand Weapons
 l - a +2 falchion
 m - a +1 long sword of flaming (weapon)
Armour
 a - a +0 robe (worn)
Scrolls
 h - a scroll of blinking
 i - 3 scrolls of remove curse
 j - 5 scrolls of amnesia
 k - a scroll of summoning
Potions
 b - 2 potions of invisibility
 c - 6 potions of curing
 d - 6 potions of heal wounds
 e - a potion of haste
 f - 4 potions of magic
 g - 3 potions of berserk rage


   Skills:
 - Level 1.7 Dodging
 - Level 1.7 Stealth
 + Level 5.4 Spellcasting
 + Level 12.2 Ice Magic
 + Level 7.2 Invocations


You had 9 spell levels left.
You knew the following spells:

 Your Spells              Type           Power        Failure   Level
a - Freeze                Ice            ####         1%          1
b - Frozen Ramparts       Ice            ######       1%          3
c - Ozocubu's Armour      Ice            ######..     1%          3

Your spell library contained the following spells:

 Spells                   Type           Power        Failure   Level
 Hailstorm                Conj/Ice       ####....     10%         4
 Summon Ice Beast         Ice/Summ       ####....     10%         4


Dungeon Overview and Level Annotations

Branches:
Dungeon (1/1)

Altars:
Ashenzari
Cheibriados
Dithmenos
Elyvilon
Fedhas
Gozag
Hepliaklqana
Kikubaaqudgha
Makhleb
Nemelex Xobeh
Okawaru
Qazlal
Ru
Sif Muna
Trog
Uskayaw
Vehumet
Wu Jian
Xom
Yredelemnul
Zin
The Shining One
Beogh
Jiyva
Lugonu


Innate Abilities, Weirdness & Mutations

You have hoof-like feet.
You are partially covered in iridescent scales. (AC +2)
You regenerate a little health from kills.


Message History

The wall freezes the floating eye!
You kill the floating eye!
Sif Muna accepts your kill.
The iron imp resists.
The wall freezes the iron imp.
You kill the iron imp!
Sif Muna accepts your kill.
Your Spellcasting skill increases to level 5!
Your Invocations skill increases to level 7!
You have reached level 7!
Your icy armour cracks and falls away as you move.
Things that are here:
a sky beast corpse; a warg corpse
Casting: Frozen Ramparts (safe; 1% risk of failure)
Confirm with . or Enter, or press ? or * to list all spells.
You don't have enough magic to cast that spell.
The wall freezes the deep elf mage!
The deep elf mage casts a spell at you. The bolt of cold hits you!!
Ouch! That really hurt!
You die...

#'#####'#####.....
#.#..#..#†.##.....
#.#..÷..'..#####'#
#.##+####'###.....
#.#.....)).##.....
#.#........##.....
#.#####'#####...<.
#.#..[)))..##.....
#@#..[).)..##.....
#'###########.....
#.e...5.# ######
#...#.l.# #...# .#
#.##. #.. #. #..
.. #.. ..


You could see a deep elf mage.

Vanquished Creatures
  A warg (D)
  3 floating eyes (D)
  A sky beast (D)
  An iron imp (D)
  A gnoll (D)
  A river rat (D)
  2 bats (D)
  A goblin (D)
  A hobgoblin (D)
  A quokka (D)
  A ball python (D)
14 creatures vanquished.

Notes
Turn   | Place    | Note
-------+----------+-------------------------------------------
     0 | D        | rocky1 the Demonspawn Ice Elementalist began the quest for
                  | the Orb.
     0 | D        | Reached XP level 1. HP: 13/13 MP: 3/3
    42 | D        | Found a bloodstained altar of Trog.
    42 | D        | Found a shimmering blue altar of Sif Muna.
    42 | D        | Found a viscous altar of Jiyva.
    42 | D        | Found a hazy altar of Hepliaklqana.
    42 | D        | Found an opulent altar of Gozag.
    43 | D        | Found a glowing golden altar of the Shining One.
    43 | D        | Found a glowing silver altar of Zin.
    43 | D        | Found a basalt altar of Yredelemnul.
    43 | D        | Found a shimmering altar of Xom.
    43 | D        | Found an ornate altar of the Wu Jian Council.
    43 | D        | Found a sacrificial altar of Ru.
    43 | D        | Found a stormy altar of Qazlal.
    43 | D        | Found an iron altar of Okawaru.
    43 | D        | Found a sparkling altar of Nemelex Xobeh.
    43 | D        | Found a burning altar of Makhleb.
    43 | D        | Found a blossoming altar of Fedhas.
    43 | D        | Found a white marble altar of Elyvilon.
    43 | D        | Found a shadowy altar of Dithmenos.
    43 | D        | Found a snail-covered altar of Cheibriados.
    45 | D        | Found a radiant altar of Vehumet.
    45 | D        | Found a corrupted altar of Lugonu.
    45 | D        | Found a roughly hewn altar of Beogh.
    46 | D        | Found a hide-covered altar of Uskayaw.
    46 | D        | Found an ancient bone altar of Kikubaaqudgha.
    46 | D        | Found a broken altar of Ashenzari.
    48 | D        | Became a worshipper of Sif Muna the Loreminder
    66 | D        | Reached skill level 4 in Ice Magic
   253 | D        | Noticed a floating eye
   255 | D        | Paralysed by a floating eye for 2 turns
   258 | D        | Paralysed by a floating eye for 4 turns
   263 | D        | Paralysed by a floating eye for 3 turns
   266 | D        | Killed a floating eye
   267 | D        | Reached skill level 9 in Ice Magic
   267 | D        | Gained mutation: You are partially covered in iridescent
                  | scales. (AC +2) [demonic ancestry]
   267 | D        | Reached XP level 2. HP: 19/19 MP: 5/5
   267 | D        | Gained mutation: You have large cloven feet. [demonic
                  | ancestry]
   267 | D        | Reached XP level 3. HP: 24/24 MP: 6/6
   267 | D        | Gained mutation: You have hoof-like feet. [demonic
                  | ancestry]
   267 | D        | Reached XP level 4. HP: 30/30 MP: 7/7
   269 | D        | Reached * piety under Sif Muna
   402 | D        | Learned a level 3 spell: Frozen Ramparts
   406 | D        | Learned a level 3 spell: Ozocubu's Armour
   474 | D        | Noticed a floating eye
   477 | D        | Reached ** piety under Sif Muna
   478 | D        | Paralysed by a floating eye for 2 turns
   480 | D        | Killed a floating eye
   481 | D        | Reached skill level 11 in Ice Magic
   481 | D        | Reached XP level 5. HP: 35/35 MP: 4/8
   562 | D        | Noticed a warg
   563 | D        | Noticed a floating eye
   563 | D        | Noticed a deep elf mage
   563 | D        | Noticed a sky beast
   567 | D        | Paralysed by a floating eye for 3 turns
   571 | D        | Killed a warg
   571 | D        | Reached *** piety under Sif Muna
   572 | D        | Gained mutation: You regenerate a little health from kills.
                  | [demonic ancestry]
   572 | D        | Reached XP level 6. HP: 28/41 MP: 2/11
   572 | D        | Killed a sky beast
   573 | D        | Reached skill level 12 in Ice Magic
   574 | D        | Paralysed by a floating eye for 2 turns
   578 | D        | Killed a floating eye
   579 | D        | Reached skill level 5 in Spellcasting
   579 | D        | Reached XP level 7. HP: 27/46 MP: 0/15
   580 | D        | Killed from afar by a deep elf mage

Illustrated notes

Levels and vault maps discovered:
D:        pitsprint [storerooms_1, entrance_room_1, metal_vault_4, armoury_3,
          mini_pit_1, grid_room_1, main_hall_1, silver_pit, the_coven_3,
          the_vestibule_1, steel_vault_4, golden_pit, hallway_of_sentries,
          crystal_vault_5, iron_vault_2, final_vault]

Skill      XL: |  1  2  3  4  5  6 |
---------------+-------------------+-----
Ice Magic      | 9 11 12 | 12.2
Spellcasting   | 3 5 |  5.4
Invocations    | 4 7 |  7.2
Dodging        | |  1.7
Stealth        | |  1.7

Action                   |  1- 3 |  4- 6 |  7- 9 || total
-------------------------+-------+-------+-------++-------
Melee: Falchion          |     7 |    13 |       ||    20
       Long sword        |       |     3 |       ||     3
       Kick              |       |     1 |       ||     1
 Cast: Freeze            |     2 |     3 |       ||     5
       Frozen Ramparts   |       |     3 |       ||     3
       Ozocubu's Armour  |       |     1 |       ||     1
Armor: Robe              |       |     5 |       ||     5
Dodge: Dodged            |     1 |    14 |       ||    15
       Rpst.: Falchion   |       |     4 |       ||     4

Table legend: (Time is in decaauts)
 A = Elapsed time spent in this place.
 B = Non-inter-level travel time spent in this place.
 C = Inter-level travel time spent in this place.
 D = Time resting spent in this place.
 E = Time spent auto-exploring this place.
 F = Levels seen in this place.
 G = Mean time per level.
                   A        B        C        D        E       F      G
               +--------+--------+--------+--------+--------+-----+--------+
         Total |    586 |    586 |      0 |    382 |      0 |   1 |  586.0 |
       Dungeon |    586 |    586 |      0 |    382 |      0 |   1 |  586.0 |
               +--------+--------+--------+--------+--------+-----+--------+

Top non-repeatable levels by time:
       D: 586 daAuts
